 Dungeon Crawl Stone Soup version 0.29.1-12-g30fa7ad0bf (webtiles) character file.

Game seed: 6542155227413279067

11906 cdecastro the Prestidigitator (level 11, -4/84 HPs)
             Began as a Gnoll Wanderer on Jan 14, 2023.
             Was the Champion of Jiyva.
             Slain by a minotaur
             ... wielding a +3 rapier of venom
              (46 damage)
             ... in a Gauntlet on Jan 15, 2023.
             The game lasted 00:50:13 (11804 turns).

cdecastro the Prestidigitator (Gnoll Wanderer)     Turns: 11804, Time: 00:50:14

Health: -4/84      AC: 16    Str: 12    XL:     11   Next: 85%
Magic:  10/24      EV: 20    Int: 16    God:    Jiyva [******]
Gold:   625        SH:  0    Dex: 18    Spells: 3/25 levels left

rFire   + + .      SeeInvis .   K - +6 scimitar of Ceatein {speed, Str+4}
rCold   + . .      Faith    .   (no shield)
rNeg    + . .      Spirit   .   G - +0 steam dragon scales
rPois   +          Reflect  .   (no helmet)
rElec   .          Harm     .   t - +2 ratskin cloak {*Rats rPois rN+ Str-1 Int-1 Dex+1}
rCorr   +          Rampage  .   (no gloves)
Will    .....      NoTele   +   q - +2 pair of boots
Stlth   ++++......              o - amulet of the acrobat
HPRegen 1.84/turn               e - ring of protection from fire
MPRegen 0.69/turn               P - ring of Zin's Whim {rC+ Int+4}

@: confusing by touch
A: fangs 1, strong nose, distributed training, fire resistance 1, high MP 1,
sense surroundings 3, poison resistance, gelatinous body 3, evolution 1, jelly
absorbing missiles
a: Renounce Religion, Oozemancy, Slimify


You were in a Gauntlet.
You worshipped Jiyva.
Jiyva was exalted by your worship.
You visited 2 branches of the dungeon, and saw 13 of its levels.
You also visited: Sewer, Bailey and Gauntlet.

You collected 625 gold pieces.

Inventory:

Hand Weapons
 f - a +1 hand axe of venom
 u - a +2 dagger of freezing
 y - the +3 hand axe of the Keeping Mosquito {freeze, SInv}
   (You found it on level 7 of the Dungeon)

   It freezes those it strikes, dealing additional cold damage.
   It can also slow down cold-blooded creatures.
   SInv:      It lets you see invisible.
 J - a +1 whip of flaming
 K - the +6 scimitar of Ceatein (weapon) {speed, Str+4}
   (You found it on level 7 of the Dungeon)

   Attacks with this weapon are significantly faster.
   Str:       It affects your strength (+4).
 Q - a +1 battleaxe of electrocution
 V - the +6 whip of the Tiger {antimagic, *Rage Int+4 Stlth+}
   (You found it in a Gauntlet)

   It reduces the magical energy of the wielder, and disrupts the spells and
   magical abilities of those it strikes.
   Natural abilities and divine invocations are not affected.
   Int:       It affects your intelligence (+4).
   *Rage:     It berserks you when you make melee attacks (+20% chance).
   Stlth:     It makes you more stealthy.
Missiles
 N - 5 silver javelins
Armour
 k - a +0 helmet
 q - a +2 pair of boots (worn)
 t - the +2 ratskin cloak (worn) {*Rats rPois rN+ Str-1 Int-1 Dex+1}
   (You found it on level 3 of the Dungeon)

   When the wearer is hurt, rats may emerge from it to assist them.
   Str:       It affects your strength (-1).
   Int:       It affects your intelligence (-1).
   Dex:       It affects your dexterity (+1).
   rPois:     It protects you from poison.
   rN:        It protects you from negative energy.
 G - +0 steam dragon scales (worn)
 O - an orb of light
 T - a +0 troll leather armour
Magical Staves
 r - a staff of air
 v - a staff of death
Jewellery
 e - a ring of protection from fire (left hand)
 o - an amulet of the acrobat (around neck)
 L - an amulet of reflection
 P - the ring of Zin's Whim (right hand) {rC+ Int+4}
   (You found it on level 10 of the Dungeon)

   [ring of protection from cold]

   Int:       It affects your intelligence (+4).
   rC:        It protects you from cold.
Wands
 d - a wand of mindburst (19)
 M - a wand of quicksilver (5)
 R - a wand of charming (1)
 S - a wand of flame (11)
Scrolls
 a - 3 scrolls of fear {unknown}
 b - 3 scrolls of fog
 c - a scroll of vulnerability {unknown}
 g - 3 scrolls of noise
 h - 7 scrolls of amnesia
 l - 5 scrolls of teleportation {unknown}
 n - a scroll of poison {unknown}
 p - 2 scrolls of immolation
 w - 2 scrolls of enchant weapon {unknown}
 I - a scroll of torment {unknown}
 U - a scroll of acquirement
Potions
 i - 5 potions of curing
 j - 2 potions of flight
 m - a potion of invisibility
 s - 3 potions of mutation
 x - a potion of degeneration {unknown}
 z - 4 potions of magic
 A - 4 potions of cancellation
 B - 3 potions of haste
 C - a potion of might
 E - a potion of brilliance {unknown}
 F - 2 potions of ambrosia {unknown}
 H - 3 potions of resistance {unknown}
 W - a potion of lignification {unknown}
Miscellaneous
 D - a phial of floods


   Skills:
 + Level 7.4 Fighting
 + Level 6.9 Short Blades
 + Level 6.9 Long Blades
 + Level 6.9 Axes
 + Level 6.9 Maces & Flails
 + Level 6.9 Polearms
 + Level 6.9 Staves
 + Level 6.9 Ranged Weapons
 + Level 6.9 Throwing
 + Level 6.9 Armour
 + Level 8.4 Dodging
 + Level 6.9 Stealth
 + Level 6.9 Shields
 + Level 6.9 Unarmed Combat
 + Level 7.5 Spellcasting
 + Level 5.7 Conjurations
 + Level 5.7 Hexes
 + Level 5.7 Summonings
 + Level 5.7 Necromancy
 + Level 5.7 Translocations
 + Level 5.7 Transmutations
 + Level 8.0 Fire Magic
 + Level 5.7 Ice Magic
 + Level 5.7 Air Magic
 + Level 5.7 Earth Magic
 + Level 5.7 Poison Magic
 + Level 7.6 Invocations
 + Level 9.6 Evocations


You had 3 spell levels left.
You knew the following spells:

 Your Spells              Type           Power      Damage    Failure   Level
a - Foxfire               Conj/Fire      100%       2x1d9     1%          1
b - Poisonous Vapours     Pois/Air       48%        N/A       1%          2
c - Summon Small Mammal   Summ           96%        N/A       1%          1
d - Ignite Poison         Fire/Tmut/Pois 26%        N/A       2%          3
e - Call Canine Familiar  Summ           24%        N/A       3%          3
f - Confusing Touch       Hex            24%        N/A       3%          3
g - Frozen Ramparts       Ice            48%        1d8       3%          3
h - Vampiric Draining     Necr           24%        2d7       3%          3
i - Mephitic Cloud        Conj/Pois/Air  24%        N/A       3%          3

Your spell library contained the following spells:

 Spells                   Type           Power      Damage    Failure   Level
 Apportation              Tloc           48%        N/A       1%          1
 Necrotise                Necr           96%        1d8       1%          1
 Ensorcelled Hibernation  Hex/Ice        48%        N/A       1%          2
 Spider Form              Tmut/Pois      24%        N/A       3%          3
 Summon Guardian Golem    Hex/Summ       24%        N/A       3%          3
 Anguish                  Hex/Necr       12%        N/A       11%         4
 Animate Dead             Necr           24%        N/A       11%         4
 Corpse Rot               Necr/Pois/Air  24%        N/A       11%         4
 Dispel Undead            Necr           24%        3d12      11%         4
 Ice Form                 Ice/Tmut       24%        N/A       11%         4
 Summon Ice Beast         Ice/Summ       24%        N/A       11%         4
 Agony                    Necr           24%        N/A       30%         5
 Alistair's Intoxication  Tmut/Pois      16%        N/A       30%         5
 Borgnjor's Vile Clutch   Necr/Erth      12%        N/A       30%         5
 Freezing Cloud           Conj/Ice/Air   12%        6-21      30%         5
 Yara's Violent Unravell  Hex/Tmut       12%        3d7       30%         5
 Death Channel            Necr           12%        N/A       86%         6
 Eringya's Noxious Bog    Tmut/Pois      12%        N/A       86%         6
 Enfeeble                 Hex            12%        N/A       100%        7


Dungeon Overview and Level Annotations

Branches:
Dungeon (12/15)            Temple (1/1) D:5            Lair (0/5) D:11
    Orc (0/2) D:9           Sewer (visited)          Bailey (visited)
Gauntlet (1/1)

Altars:
Ashenzari
Cheibriados
Dithmenos
Elyvilon
Fedhas
Gozag
Hepliaklqana
Kikubaaqudgha
Makhleb
Nemelex Xobeh
Okawaru
Qazlal
Ru
Sif Muna
Trog
Uskayaw
Vehumet
Wu Jian
Xom
Yredelemnul
Zin
The Shining One

Shops:
D:7 =

Annotations:
D:5 1 runed translucent door, nroviw's ghost, novice MiFi
D:10 upstairs near usk not done
D:11 vault need dig Gauntlet 4 transporters, 2 runed translucent doors


Innate Abilities, Weirdness & Mutations

You have very sharp teeth.
Your uncanny sense of smell can sniff out nearby items.
Your experience applies equally to all skills.
Your flesh is heat resistant. (rF+)
You have an increased reservoir of magic. (+10% MP)
You passively map a large area around you.
Your system is resistant to poisons. (rPois)
Your gelatinous body deflects attacks. (AC +3, EV +3)
You have hidden genetic potential.
You have a small jelly attached to you that may absorb projectiles.


Message History

Unknown command.
Casting: Poisonous Vapours (safe; 1% risk of failure)
Confirm with . or Enter, or press ? or * to list all spells.
Your hands begin to glow red.
The minotaur is engulfed in noxious fumes.
The minotaur throws a silver javelin.
The silver javelin pierces through you!!
The silver sears you!
Unknown command.
Unknown command.
Casting: Confusing Touch (mildly dangerous; 3% risk of failure)
Confirm with . or Enter, or press ? or * to list all spells.
Aiming: Poisonous Vapours (safe; 1% risk of failure)
Press: ? - help, Dir - move target, f/p - minotaur
Aim: a minotaur, wielding a +3 rapier of venom, wearing the +5 ring mail "Seuc" {Dex+5} and quivering silver javelins (noxious fumes, heavily wounded, strong, very poisoned, chance to confuse on hit: 3%) Poisonous vapours surround the minotaur!
The minotaur looks as sick as possible!
The minotaur is engulfed in noxious fumes.
Unknown command.
Unknown command.
You barely miss the minotaur. Your punch misses the minotaur.
You bite the minotaur, but do no damage.
The minotaur is heavily wounded.
The minotaur hits you with a +3 rapier of venom!!
* * * LOW HITPOINT WARNING * * *
A hell rat scurries out from under your cloak.
The minotaur barely misses you.
You hit the minotaur but do no damage.
The minotaur is heavily wounded.
Unknown command.
You hit the minotaur but do no damage.
The minotaur is severely wounded.
The minotaur closely misses you.
The minotaur gores you but does no damage.
Unknown command.
You hit the minotaur but do no damage.
The minotaur is severely wounded.
The minotaur hits you with a +3 rapier of venom!!!
Ouch! That really hurt!
You die...

#/./# #8.8# #[.[#### * #8.8#.8###
* , #...#....# # ,*8.8#..#.#
#.#..##H##..#.# #......@r.....#
#.#.##.#.##.#.# #.#....#....#.#
###.#.#######.#.###
##≈...............≈##
#≈≈..8©8©8©8©8©8..≈≈#
#≈...............≈## ## ###
################### ### ##
≈###≈###.................###≈###≈


You could see a minotaur (strong, very poisoned, ally target) and a friendly
hell rat.

Vanquished Creatures
  3 two-headed ogres
  A soul eater (Gauntlet)
  Pikel (D:7)
  A cyclops (D:11)
  A manticore (D:9)
  Joseph (D:7)
  A spectral centaur (Gauntlet)
  3 kobold demonologists (D:11)
  4 trolls
  A hornet (D:9)
  A shadow (D:10)
  3 wyverns
  A wraith (D:10)
  A vampire (D:11)
  A steam dragon (D:7)
  A swamp worm (Gauntlet)
  3 wargs
  A water moccasin (D:9)
  5 orc warriors
  A black bear (D:4)
  A sky beast (D:8)
  A spectral hornet (Gauntlet)
  An ogre (D:7)
  2 centaurs
  3 wolves (D:10)
  4 kobold brigands
  5 bullfrogs
  A scorpion (D:7)
  4 wights (D:10)
  4 killer bees (D:7)
  A howler monkey (D:8)
  2 electric eels (D:11)
  Crazy Yiuf (D:7)
  9 hounds
  2 jellies (Sewer)
  An orc priest (D:10)
  A gnoll bouda (D:8)
  5 orc wizards
  6 adders
  13 gnolls
  2 river rats (Sewer)
  A white imp (D:6)
  4 worms
  A dart slug (D:1)
  19 orcs
  5 bats
  12 endoplasms
  9 giant cockroaches
  12 goblins
  11 hobgoblins
  15 jackals
  4 quokkas
  12 ball pythons
  5 frilled lizards
  18 kobolds
  12 rats
244 creatures vanquished.

Vanquished Creatures (collateral kills)
  Maggie (D:7)
  A steam dragon (D:7)
  A warg (D:8)
  3 gnolls (D:8)
  2 shadow imps (Gauntlet)
  A kobold (D:11)
9 creatures vanquished.

Vanquished Creatures (others)
  A two-headed ogre (D:10)
  3 slime creatures
  A vampire (D:12)
  A wraith (D:10)
  A steam dragon (D:8)
  A black bear (D:8)
  An orc warrior (Bailey)
  A sky beast (D:7)
  An ogre (D:7)
  A phantom (D:6)
  2 bullfrogs
  13 jellies
  A gnoll bouda (D:7)
  2 iguanas
  2 orc wizards (D:5)
  An adder (D:6)
  A gnoll (D:7)
  A white imp (D:6)
  An ufetubus (D:7)
  An orc (D:5)
  2 bushes (D:9)
  577 foxfires
  5 fungi (D:2)
  20 plants
641 creatures vanquished.

Grand Total: 894 creatures vanquished

Notes
Turn   | Place    | Note
-------+----------+-------------------------------------------
     0 | D:1      | cdecastro the Gnoll Wanderer began the quest for the Orb.
     0 | D:1      | cdecastro set off with the following items: a +0 dagger, 2
                  | scrolls of fog, a +0 robe, a wand of mindburst (19); and
                  | the following spell memorised: Foxfire; and the following
                  | spells available to memorise: Ignite Poison.
     0 | D:1      | Reached XP level 1. HP: 17/17 MP: 4/4
   297 | D:1      | Reached XP level 2. HP: 23/23 MP: 3/5
   649 | D:1      | Reached XP level 3. HP: 11/28 MP: 7/7
  1086 | D:1      | Reached skill level 1 in Invocations
  1388 | D:2      | Reached skill level 1 in Short Blades
  1388 | D:2      | Reached skill level 1 in Long Blades
  1388 | D:2      | Reached skill level 1 in Axes
  1388 | D:2      | Reached skill level 1 in Maces & Flails
  1388 | D:2      | Reached skill level 1 in Polearms
  1388 | D:2      | Reached skill level 1 in Staves
  1388 | D:2      | Reached skill level 1 in Ranged Weapons
  1388 | D:2      | Reached skill level 1 in Throwing
  1388 | D:2      | Reached skill level 1 in Armour
  1388 | D:2      | Reached skill level 1 in Stealth
  1388 | D:2      | Reached skill level 1 in Shields
  1388 | D:2      | Reached skill level 1 in Unarmed Combat
  1492 | D:2      | Found a faded altar of an unknown god.
  1880 | D:2      | Reached XP level 4. HP: 32/34 MP: 3/8
  2265 | D:2      | Reached skill level 1 in Conjurations
  2265 | D:2      | Reached skill level 1 in Hexes
  2265 | D:2      | Reached skill level 1 in Summonings
  2265 | D:2      | Reached skill level 1 in Necromancy
  2265 | D:2      | Reached skill level 1 in Translocations
  2265 | D:2      | Reached skill level 1 in Transmutations
  2265 | D:2      | Reached skill level 1 in Ice Magic
  2265 | D:2      | Reached skill level 1 in Air Magic
  2265 | D:2      | Reached skill level 1 in Earth Magic
  2265 | D:2      | Reached skill level 1 in Poison Magic
  2858 | D:3      | Found the +2 ratskin cloak {*Rats rPois rN+ Str-1 Int-1
                  | Dex+1}
  3041 | D:3      | Reached XP level 5. HP: 39/40 MP: 4/9
  4027 | D:4      | Found a glowing drain.
  4031 | Sewer    | Entered a sewer
  4164 | Sewer    | Reached XP level 6. HP: 47/47 MP: 7/11
  4320 | Sewer    | Reached skill level 5 in Dodging
  4432 | Sewer    | Found a viscous altar of Jiyva.
  4510 | Sewer    | Became a worshipper of Jiyva Jamnonut the Shapeless
  4799 | D:4      | Noticed a black bear
  4809 | D:4      | Killed a black bear
  5028 | D:5      | Entered Level 5 of the Dungeon
  5049 | D:5      | Found a staircase to the Ecumenical Temple.
  5058 | Temple   | Entered the Ecumenical Temple
  5103 | D:5      | Reached * piety under Jiyva
  5457 | D:5      | You fall into a shaft and drop 1 floor!
  5483 | D:6      | Reached ** piety under Jiyva
  5495 | D:6      | Reached skill level 7 in Evocations
  5495 | D:6      | Reached XP level 7. HP: 49/52 MP: 12/12
  5651 | D:5      | Found a runed translucent door.
  5652 | D:5      | Noticed nroviw's ghost (novice MiFi)
  6160 | D:6      | Reached *** piety under Jiyva
  6160 | D:6      | Gained mutation: You have a pair of small antennae on your
                  | head. [Jiyva's grace]
  6160 | D:6      | Gained mutation: You have a pair of antennae on your head.
                  | [Jiyva's grace]
  6160 | D:6      | Gained mutation: You have a pair of large antennae on your
                  | head. (SInv) [Jiyva's grace]
  6160 | D:6      | Gained mutation: You are strong-willed. (Will+) [Jiyva's
                  | grace]
  6337 | D:7      | Found a flagged portal.
  6342 | D:7      | Identified the +3 hand axe of the Keeping Mosquito {freeze,
                  | SInv}
  6345 | D:7      | Killed a slime creature
  6353 | D:7      | Learned a level 2 spell: Poisonous Vapours
  6355 | D:7      | Learned a level 1 spell: Summon Small Mammal
  6359 | D:7      | Learned a level 3 spell: Ignite Poison
  6363 | D:7      | Learned a level 3 spell: Call Canine Familiar
  6367 | D:7      | Learned a level 3 spell: Confusing Touch
  6368 | Bailey   | Entered a bailey
  6373 | Bailey   | Noticed an orc warlord
  6484 | Bailey   | Reached XP level 8. HP: 48/60 MP: 14/14
  6510 | Bailey   | Found a runed translucent gate.
  6512 | Bailey   | Found a runed translucent gate.
  6514 | Bailey   | Found a runed translucent gate.
  6893 | D:7      | Noticed Maggie
  6924 | D:7      | Killed Maggie
  6983 | D:7      | Reached **** piety under Jiyva
  6994 | D:7      | Noticed Joseph
  7035 | D:7      | Killed Joseph
  7036 | D:7      | Reached skill level 5 in Fighting
  7036 | D:7      | Reached skill level 5 in Spellcasting
  7036 | D:7      | Reached XP level 9. HP: 29/68 MP: 11/16
  7238 | D:7      | Found a hazy altar of Hepliaklqana.
  7293 | D:7      | Noticed Pikel
  7295 | D:7      | Reached skill level 8 in Evocations
  7328 | D:7      | Killed Pikel
  7329 | D:7      | Reached skill level 5 in Invocations
  7397 | D:7      | Identified the +6 scimitar of Ceatein {speed, Str+4}
  7587 | D:7      | Found a runed translucent door.
  7588 | D:7      | Noticed Crazy Yiuf
  7674 | D:7      | Found Weorel's Jewellery Boutique.
  7768 | D:7      | Reached ***** piety under Jiyva
  7896 | D:7      | Killed Crazy Yiuf
  7966 | D:8      | Reached skill level 5 in Short Blades
  7966 | D:8      | Reached skill level 5 in Long Blades
  7966 | D:8      | Reached skill level 5 in Axes
  7966 | D:8      | Reached skill level 5 in Maces & Flails
  7966 | D:8      | Reached skill level 5 in Polearms
  7966 | D:8      | Reached skill level 5 in Staves
  7966 | D:8      | Reached skill level 5 in Ranged Weapons
  7966 | D:8      | Reached skill level 5 in Throwing
  7966 | D:8      | Reached skill level 5 in Armour
  7966 | D:8      | Reached skill level 5 in Stealth
  7966 | D:8      | Reached skill level 5 in Shields
  7966 | D:8      | Reached skill level 5 in Unarmed Combat
  7975 | D:8      | Reached XP level 10. HP: 74/76 MP: 18/18
  8139 | D:8      | Lost mutation: You have a pair of large antennae on your
                  | head. (SInv) [Jiyva's grace]
  8139 | D:8      | Lost mutation: You are strong-willed. (Will+) [Jiyva's
                  | grace]
  8139 | D:8      | Gained mutation: Your rubbery body absorbs attacks. (AC +1,
                  | EV +1) [Jiyva's grace]
  8139 | D:8      | Gained mutation: Your pliable body absorbs attacks. (AC +2,
                  | EV +2) [Jiyva's grace]
  8139 | D:8      | Gained mutation: Your gelatinous body deflects attacks. (AC
                  | +3, EV +3) [Jiyva's grace]
  8139 | D:8      | Gained mutation: Your flesh is heat resistant. (rF+)
                  | [Jiyva's grace]
  8679 | D:9      | Found a staircase to the Orcish Mines.
  8717 | D:9      | Noticed a two-headed ogre
  8735 | D:8      | Killed a two-headed ogre
  8919 | D:9      | Noticed a two-headed ogre
  8926 | D:9      | Killed a two-headed ogre
  9325 | D:9      | Reached ****** piety under Jiyva
  9757 | D:10     | Entered Level 10 of the Dungeon
  9910 | D:10     | Identified the ring of Zin's Whim {rC+ Int+4}
  9981 | D:10     | Lost mutation: You have a pair of antennae on your head.
                  | [Jiyva's grace]
  9981 | D:10     | Lost mutation: You have a pair of small antennae on your
                  | head. [Jiyva's grace]
  9981 | D:10     | Gained mutation: You expend magic power (3 MP) to
                  | strengthen your wands. [Jiyva's grace]
  9981 | D:10     | Gained mutation: Your melee attacks may engulf your foes in
                  | ooze. [Jiyva's grace]
  9981 | D:10     | Gained mutation: You have a small jelly attached to you
                  | that may absorb projectiles. [Jiyva's grace]
  9981 | D:10     | Gained mutation: You have hidden genetic potential.
                  | [Jiyva's grace]
  9999 | D:10     | Found a glowing golden altar of the Shining One.
 10175 | D:10     | Reached skill level 9 in Evocations
 10179 | D:10     | Learned a level 3 spell: Frozen Ramparts
 10183 | D:10     | Learned a level 3 spell: Vampiric Draining
 10206 | D:10     | Found a hide-covered altar of Uskayaw.
 10225 | D:9      | Noticed a manticore
 10227 | D:9      | Reached skill level 5 in Conjurations
 10227 | D:9      | Reached skill level 5 in Hexes
 10227 | D:9      | Reached skill level 5 in Summonings
 10227 | D:9      | Reached skill level 5 in Necromancy
 10227 | D:9      | Reached skill level 5 in Translocations
 10227 | D:9      | Reached skill level 5 in Transmutations
 10227 | D:9      | Reached skill level 5 in Ice Magic
 10227 | D:9      | Reached skill level 5 in Air Magic
 10227 | D:9      | Reached skill level 5 in Earth Magic
 10227 | D:9      | Reached skill level 5 in Poison Magic
 10227 | D:9      | Reached XP level 11. HP: 83/83 MP: 15/21
 10233 | D:9      | Noticed a five-headed hydra
 10236 | D:9      | Killed a manticore
 10606 | D:10     | Noticed a two-headed ogre
 10742 | D:11     | Noticed a manticore
 10742 | D:11     | Noticed an eight-headed hydra
 10743 | D:11     | Noticed a cyclops
 10743 | D:11     | Noticed a manticore
 10753 | D:11     | Noticed a cyclops
 10753 | D:11     | Noticed a tengu warrior
 10754 | D:11     | Noticed a brown ugly thing
 10754 | D:11     | Noticed a deep elf pyromancer
 10837 | D:11     | Noticed a cyclops
 10846 | D:11     | Killed a cyclops
 10923 | D:11     | Noticed a cyan ugly thing
 10945 | D:10     | Slimified a cyan ugly thing
 10945 | D:10     | Noticed an azure jelly
 10945 | D:10     | a cyan ugly thing changed into an azure jelly
 10975 | D:10     | Killed a two-headed ogre
 11043 | D:10     | Gained mutation: Your system is resistant to poisons.
                  | (rPois) [hidden potential]
 11055 | D:11     | Noticed a two-headed ogre
 11061 | D:11     | Killed a two-headed ogre
 11114 | D:11     | Noticed a skeletal warrior
 11136 | D:11     | Found a staircase to the Lair.
 11473 | D:12     | Found a gate leading to a gauntlet.
 11486 | D:12     | Learned a level 3 spell: Mephitic Cloud
 11487 | Gauntlet | Entered a Gauntlet
 11487 | Gauntlet | Noticed a catoblepas
 11487 | Gauntlet | Found a transporter.
 11487 | Gauntlet | Found a runed translucent door.
 11488 | Gauntlet | Found a runed translucent door.
 11497 | Gauntlet | Found a transporter.
 11500 | Gauntlet | Found a transporter.
 11501 | Gauntlet | Found a transporter.
 11505 | Gauntlet | Noticed a soul eater
 11512 | Gauntlet | Found a transporter.
 11513 | Gauntlet | Found a transporter.
 11517 | Gauntlet | Found a runed translucent door.
 11517 | Gauntlet | Found a transporter.
 11519 | Gauntlet | Noticed a death drake
 11521 | Gauntlet | Found a transporter.
 11524 | Gauntlet | Found a transporter.
 11525 | Gauntlet | Found a transporter.
 11528 | Gauntlet | Lost mutation: You expend magic power (3 MP) to strengthen
                  | your wands. [Jiyva's grace]
 11528 | Gauntlet | Lost mutation: Your melee attacks may engulf your foes in
                  | ooze. [Jiyva's grace]
 11528 | Gauntlet | Gained mutation: You passively map a small area around you.
                  | [Jiyva's grace]
 11528 | Gauntlet | Gained mutation: You passively map the area around you.
                  | [Jiyva's grace]
 11528 | Gauntlet | Gained mutation: You passively map a large area around you.
                  | [Jiyva's grace]
 11528 | Gauntlet | Gained mutation: You have an increased reservoir of magic.
                  | (+10% MP) [Jiyva's grace]
 11533 | Gauntlet | Found a runed translucent door.
 11534 | Gauntlet | Noticed a dire elephant
 11536 | Gauntlet | Found a transporter.
 11538 | Gauntlet | Found a transporter.
 11539 | Gauntlet | Found a transporter.
 11547 | Gauntlet | Found a transporter.
 11684 | Gauntlet | Killed a soul eater
 11714 | Gauntlet | Slimified a death drake
 11714 | Gauntlet | a death drake changed into a slime creature
 11764 | Gauntlet | Identified the +6 whip of the Tiger {antimagic, *Rage Int+4
                  | Stlth+}
 11791 | Gauntlet | Identified the +5 ring mail "Seuc" {Dex+5}
 11791 | Gauntlet | Noticed a minotaur
 11804 | Gauntlet | Slain by a minotaur

Illustrated notes

Levels and vault maps discovered:
D:1:      saegor_arrival_miasma, layout_rooms, serial_curves, eino_curves_02,
          eino_curves_01
D:2:      layout_basic, dreamdust_ecumenical_altar_grove, palyth_stone_intersect
D:3:      layout_basic, kennysheep_generic_room_16
D:4:      layout_basic, gup_sewer_entry_spiral, minmay_splitting_lines,
          hangedman_decor_lopped, kennysheep_generic_room_4
D:5:      layout_basic, minmay_temple_entry_ruins, ebering_ghost_inner_flame
D:6:      layout_loops_ring, minmay_misc_feat_tower
D:7:      layout_loops_corners, nicolae_hepliaklqana_hazy_memory, serial_shops,
          shop, enter_bailey_2, minmay_manual_monolith, uniq_joseph,
          uniq_maggie, uniq_crazy_yiuf_cottage, uniq_pikel
D:8:      layout_gridville, kennysheep_generic_room_13
D:9:      minmay_klotski, layout_cave_pools, minmay_orc_entry_guard_dogs,
          serial_co_window_serial, co_window_paths_a, co_window_paths_a,
          co_window_of_opportunity_a, co_window_corner_a, co_window_corner_a,
          co_window_unsneaky_path_c, co_window_2corner, co_window_paths_c,
          co_window_corner_b, co_window_unsneaky_path_b, co_window_broadway_a,
          co_window_paths_d, co_window_paths_e, kennysheep_generic_room_12
D:10:     layout_loops_corners, nicolae_tso_carved_into_rock,
          mainiacjoe_overflow_brackets
D:11:     layout_gridville, erik_lair_island, minivault_12
D:12:     layout_cave_pods, gauntlet_entry_generic
Temple:   hellmonk_temple_of_storms
Gauntlet: gammafunk_gauntlet_77_escape_option [minmay_gauntlet_arena_77_cramped,
          minmay_gauntlet_arena_77_two_lines,
          minmay_gauntlet_arena_77_shame_cube,
          minmay_gauntlet_arena_77_checkered,
          minmay_gauntlet_arena_77_hold_the_fort,
          nicolae_gauntlet_exit_dead_adventurers]

Skill      XL: |  1  2  3  4  5  6  7  8  9 10 11 |
---------------+----------------------------------+-----
Invocations    | 1 2 3 4 5 6 7 |  7.6
Short Blades   | 1 2 3 4 5 6 |  6.9
Long Blades    | 1 2 3 4 5 6 |  6.9
Axes           | 1 2 3 4 5 6 |  6.9
Maces & Flails | 1 2 3 4 5 6 |  6.9
Polearms       | 1 2 3 4 5 6 |  6.9
Staves         | 1 2 3 4 5 6 |  6.9
Ranged Weapons | 1 2 3 4 5 6 |  6.9
Throwing       | 1 2 3 4 5 6 |  6.9
Armour         | 1 2 3 4 5 6 |  6.9
Stealth        | 1 2 3 4 5 6 |  6.9
Shields        | 1 2 3 4 5 6 |  6.9
Unarmed Combat | 1 2 3 4 5 6 |  6.9
Spellcasting   | 3 4 5 6 7 |  7.5
Conjurations   | 1 2 3 4 5 |  5.7
Hexes          | 1 2 3 4 5 |  5.7
Summonings     | 1 2 3 4 5 |  5.7
Necromancy     | 1 2 3 4 5 |  5.7
Translocations | 1 2 3 4 5 |  5.7
Transmutations | 1 2 3 4 5 |  5.7
Ice Magic      | 1 2 3 4 5 |  5.7
Air Magic      | 1 2 3 4 5 |  5.7
Earth Magic    | 1 2 3 4 5 |  5.7
Poison Magic   | 1 2 3 4 5 |  5.7
Fighting       | 3 4 5 6 7 |  7.4
Dodging        | 5 6 7 8 |  8.4
Evocations     | 7 8 9 |  9.6
Fire Magic     | 6 7 8 |  8.0

Action                   |  1- 3 |  4- 6 |  7- 9 | 10-12 || total
-------------------------+-------+-------+-------+-------++-------
Melee: Hand axe          |    33 |    66 |   143 |       ||   242
       Bite              |     3 |     5 |    14 |    15 ||    37
       Punch             |     1 |     2 |     6 |       ||     9
       Scimitar          |       |       |    15 |   116 ||   131
 Cast: Foxfire           |    49 |   122 |    97 |    69 ||   337
       Poisonous Vapours |       |       |    34 |    70 ||   104
       Ignite Poison     |       |       |       |    26 ||    26
       Mephitic Cloud    |       |       |       |     5 ||     5
       Call Canine Famil |       |       |       |     2 ||     2
       Frozen Ramparts   |       |       |       |     2 ||     2
       Confusing Touch   |       |       |       |     1 ||     1
Invok: Slimify           |       |       |       |     2 ||     2
  Use: Scroll            |       |       |     5 |     3 ||     8
       Potion            |       |       |       |     2 ||     2
 Stab: Sleeping          |       |       |     2 |     1 ||     3
       Distracted        |       |       |       |     2 ||     2
Armor: Robe              |    20 |    32 |    26 |       ||    78
       Steam dragon scal |       |       |    71 |    59 ||   130
Dodge: Dodged            |    35 |    64 |   214 |   266 ||   579
